 Dungeon Crawl Stone Soup version 0.31-a0-1626-g5cb510d322 (webtiles) character file.

Game seed: 8077721317439365168

153 Ivernyr the Shield-Bearer (level 5, -1/42 HPs)
             Began as a Formicid Fighter on Jan 12, 2024.
             Succumbed to Ijyb's poison
             ... on level 3 of the Dungeon.
             The game lasted 00:03:49 (1893 turns).

Ivernyr the Shield-Bearer (Formicid Fighter)        Turns: 1893, Time: 00:03:49

Health: -1/42      AC:  0    Str: 23    XL:     5   Next: 61%
Magic:  5/5        EV: 17    Int:  7    God:
Gold:   222        SH:  0    Dex: 18    Spells: 4/4 levels left

rFire   . . .        a - melded +0 quarterstaff
rCold   . . .        c - melded +0 buckler
rNeg    . . .        b - melded +0 scale mail
rPois   .            (helmet unavailable)
rElec   .            (cloak currently unavailable)
rCorr   .            (gloves currently unavailable)
SInv    .            (boots currently unavailable)
Will    .....        (no amulet)
Stlth   ++           g - melded ring of poison resistance
HPRegen 0.27/turn    (ring currently unavailable)
MPRegen 0.09/turn

%: no passive effects
@: lethally poisoned (-1 -> -41), bat-form, flying, studying Shapeshifting, very
quick
A: fast, flying, no casting, permanent stasis, dig shafts and tunnels, tiny,
(antennae 3), four strong arms
a: no special abilities


You were on level 3 of the Dungeon.
You were a bat.
You visited 1 branch of the dungeon, and saw 3 of its levels.

You collected 222 gold pieces.

Inventory:

Hand Weapons
 a - a +0 quarterstaff (melded)
Armour
 b - a +0 scale mail (melded)
 c - a +0 buckler (melded)
Jewellery
 g - a ring of poison resistance (melded)
 q - the ring "Fos Zet" {EV+5 Int+2}
   (You found it on level 3 of the Dungeon)

   [ring of evasion]

   EV+5:      It affects your evasion (+5).
   Int+2:     It affects your intelligence (+2).
Scrolls
 e - 3 scrolls of identify {unknown}
 f - a scroll of immolation {unknown}
 h - 2 scrolls of teleportation {unknown}
 i - a scroll of blinking {unknown}
 j - a scroll of torment {unknown}
 k - a scroll of noise {unknown}
 m - a scroll of fog {unknown}
 o - a scroll of enchant armour {unknown}
Potions
 d - a potion of might
 l - a potion of curing {unknown}
 n - a potion of enlightenment {unknown}
 p - a potion of haste {unknown}


   Skills:
 + Level 4.2 Fighting
 + Level 3.1 Staves
 + Level 4.2 Armour
 + Level 5.2 Shields


You had 4 spell levels left.
You didn't know any spells.
Your spell library contained the following spells:

 Spells                   Type           Power      Damage    Failure   Level
 Dazzling Flash           Conj/Hex       0%         N/A       80%         3
 Summon Ice Beast         Ice/Summ       0%         N/A       80%         3
 Volatile Blastmotes      Fire/Tloc      0%         2d10      80%         3
 Summon Mana Viper        Hex/Summ       0%         N/A       100%        5
 Starburst                Conj/Fire      0%         6d3       100%        6
 Monstrous Menagerie      Summ           0%         N/A       100%        7
 Maxwell's Capacitive Co  Air            0%         ∞         100%        8


Dungeon Overview and Level Annotations

Branches:
Dungeon (3/15)

Altars:

Annotations:
D:3 Ijyb


Innate Abilities, Weirdness & Mutations

You are a bat.
You are tiny and dextrous.
You move quickly.
You are flying.
Your equipment is almost entirely melded.
You are incapable of wielding weapons or throwing items.
You cannot cast spells.
You cannot be hasted, slowed, berserked, paralysed or teleported.
You can dig through walls and to a lower floor.
((You have a pair of large antennae on your head. (SInv)))
Your four strong arms can wield two-handed weapons with a shield.


Message History

You sock Ijyb!
Ijyb is almost dead.
Ijyb hits you with a +1 dagger of venom.
You hit Ijyb but do no damage.
Ijyb is almost dead.
Ijyb zaps a wand.
You turn into a bat.
Your +0 quarterstaff melds into your body.
Your +0 buckler melds into your body.
Your +0 scale mail melds into your body.
Your ring of poison resistance melds into your body.
You hit Ijyb but do no damage.
Ijyb is almost dead.
Ijyb completely misses you.
You hit Ijyb but do no damage.
Ijyb is almost dead.
Ijyb hits you with a +1 dagger of venom.
You are poisoned.
You barely miss Ijyb.
Ijyb is almost dead.
You feel very sick. Ijyb closely misses you.
You hit Ijyb but do no damage.
Ijyb is almost dead.
You feel sick.
Ijyb hits you with a +1 dagger of venom.
You are more poisoned.
You hit Ijyb but do no damage.
Ijyb is almost dead.
You feel very sick.
Ijyb hits you with a +1 dagger of venom.
You are lethally poisoned!
You hit Ijyb but do no damage.
Ijyb is almost dead.
* * * LOW HITPOINT WARNING * * *
You feel extremely sick.
Ijyb hits you with a +1 dagger of venom.
* * * LOW HITPOINT WARNING * * *
You are more poisoned.
Sorry, you're not good enough to have a special ability.
You die...

#..###.###
#.........
#.......#.. ## ##
#####.###..#.. #.#
#.# #.#...# #..#..
#.# #.#.#.#..#
#..#..
#.###.###...###..#..
#.#.#.#.#..........
#g#b#.#.#...##..####
###########.#.#.####
#..###....
###.#.#### ##.## #
### # # { . .


There were no monsters in sight!

Vanquished Creatures
  Robin (D:2)
  A gnoll (D:1)
  5 adders
  A dart slug (D:2)
  A ribbon worm (D:2)
  An orc (D:3)
  3 ball pythons (D:1)
  8 endoplasms
  3 giant cockroaches
  18 goblins
  12 hobgoblins
  2 quokkas (D:2)
  4 bats
  2 frilled lizards
  11 kobolds
  4 rats (D:1)
77 creatures vanquished.

Notes
Turn   | Place    | Note
-------+----------+-------------------------------------------
     0 | D:1      | Ivernyr the Formicid Fighter began the quest for the Orb.
     0 | D:1      | Reached XP level 1. HP: 18/18 MP: 1/1
    81 | D:1      | Reached XP level 2. HP: 24/24 MP: 2/2
   160 | D:1      | Reached XP level 3. HP: 5/29 MP: 3/3
   868 | D:2      | Found a faded altar of an unknown god.
   872 | D:2      | Reached XP level 4. HP: 37/37 MP: 4/4
  1342 | D:2      | Identified the +6 spear "Uphue" {freeze, *Corrode MP+9
                  | Int+3}
  1442 | D:2      | Noticed Robin
  1473 | D:2      | Reached skill level 5 in Shields
  1476 | D:2      | Reached XP level 5. HP: 42/42 MP: 5/5
  1505 | D:2      | Killed Robin
  1858 | D:3      | Identified the ring "Fos Zet" {EV+5 Int+2}
  1878 | D:3      | Noticed Ijyb
  1893 | D:3      | Succumbed to Ijyb's poison

Illustrated notes

Levels and vault maps discovered:
D:1:      eino_arrival_cavern_d, layout_basic, minmay_vboxes
D:2:      layout_loops_ring, hellmonk_ecumenical_altar_slurped_away, uniq_robin
D:3:      layout_loops_ring, minivault_14, roderic_roman_lattice,
          minmay_statues_item, nicolae_titane, uniq_ijyb

Skill      XL: |  1  2  3  4  5 |
---------------+----------------+-----
Fighting       | 4 |  4.2
Armour         | 4 |  4.2
Shields        | 5 |  5.2
Staves         | 3 |  3.1

Action                     |  1- 3 |  4- 6 || total
---------------------------+-------+-------++-------
  Melee: Quarterstaff      |    80 |   130 ||   210
         Unarmed           |       |     6 ||     6
 Armour: Scale mail        |    48 |    67 ||   115
         Skin              |       |     4 ||     4
  Dodge: Dodged            |    31 |    54 ||    85
  Block: Buckler           |    23 |    28 ||    51

Table legend: (Time is in decaauts)
 A = Elapsed time spent in this place.
 B = Non-inter-level travel time spent in this place.
 C = Inter-level travel time spent in this place.
 D = Time resting spent in this place.
 E = Time spent auto-exploring this place.
 F = Levels seen in this place.
 G = Mean time per level.
                   A        B        C        D        E       F      G
               +--------+--------+--------+--------+--------+-----+--------+
         Total |   1932 |   1906 |     26 |    132 |   1217 |   3 |  644.0 |
       Dungeon |   1932 |   1906 |     26 |    132 |   1217 |   3 |  644.0 |
               +--------+--------+--------+--------+--------+-----+--------+

Top non-repeatable levels by time:
     D:2: 905 daAuts
     D:1: 737 daAuts
     D:3: 289 daAuts
